Map: Jagannatha LE

Players

DPGZest (Zest)

  • Race: Protoss Protoss
  • Spawn Location: 7:00

Serral - Winner!

  • Race: Zerg Zerg
  • Spawn Location: 1:00

Event: StayAtHome Story Cup #3

VOD

Have the link to the VOD?

Description

Time

  • Played on: March 12, 2021, 9:20 a.m.
  • Length: 12:32

All games in this series

Show
View Real Time Build Order
Export as new Build Order

DPGZest Protoss 

Build Orders: 1 Gate Expand, Oracle Opening, Archon Immortal 

Get SALT Encoding   

  12  0:00  Probe  
  13  0:12  Probe  
  14  0:20  Pylon  
  14  0:24  Probe  
  15  0:38  Probe (Chrono Boost)  
  15  0:41  Gateway  
  16  0:48  Probe (Chrono Boost)  
  17  0:50  Assimilator  
  17  0:53  Probe (Chrono Boost)  
  18  1:05  Probe  
  19  1:17  Probe  
  20  1:26  Nexus  
  20  1:37  Cybernetics Core  
  20  1:40  Probe  
  20  1:46  Assimilator  
  21  1:52  Probe  
  22  1:56  Pylon  
  22  2:04  Probe (Chrono Boost)  
  24  2:15  Adept  
  24  2:16  Probe (Chrono Boost)  
  24  2:21  Probe (Chrono Boost), Stargate  
  27  2:26  Warp Gate  
  27  2:33  Probe (Chrono Boost)  
  28  2:38  Probe (Chrono Boost)  
  30  2:47  Adept  
  30  2:48  Probe x2 (Chrono Boost)  
  33  2:53  Probe (Chrono Boost)  
  33  2:55  Probe  
  33  2:56  Void Ray (Chrono Boost)  
  35  3:05  Probe  
  40  3:07  Probe  
  40  3:11  Pylon  
  41  3:17  Probe  
  41  3:19  Probe  
  43  3:20  Adept  
  45  3:29  Probe  
  45  3:30  Gateway  
  45  3:32  Probe  
  45  3:33  Oracle (Chrono Boost)  
  50  3:43  Probe  
  50  3:44  Probe  
  52  3:52  Nexus  
  52  3:57  Pylon  
  52  4:00  Probe x2  
  54  4:04  Assimilator  
  54  4:07  Assimilator  
  54  4:08  Pylon  
  54  4:15  Probe (Chrono Boost)  
  54  4:16  Probe (Chrono Boost)  
  56  4:17  Stargate  
  56  4:21  Void Ray  
  56  4:28  Probe x2 (Chrono Boost)  
  62  4:36  Probe x2 (Chrono Boost)  
  64  4:38  Twilight Council  
  64  4:39  Forge  
  64  4:42  Probe x2  
  66  4:46  Pylon  
  66  4:52  Pylon  
  66  4:56  Probe (Chrono Boost)  
  66  4:57  Probe (Chrono Boost)  
  68  5:06  Probe (Chrono Boost)  
  68  5:07  Shield Battery  
  71  5:08  Probe (Chrono Boost)  
  71  5:09  Void Ray  
  71  5:11  Void Ray  
  71  5:12  Probe (Chrono Boost)  
  72  5:14  Probe (Chrono Boost)  
  72  5:15  Probe (Chrono Boost)  
  72  5:20  Protoss Ground Weapons Level 1  
  72  5:21  Probe (Chrono Boost)  
  83  5:22  Probe (Chrono Boost)  
  83  5:24  Probe (Chrono Boost), Assimilator  
  83  5:27  Assimilator  
  84  5:34  Probe (Chrono Boost), Pylon  
  84  5:35  Probe x2 (Chrono Boost)  
  87  5:36  Charge  
  87  5:40  Robotics Facility  
  87  5:49  Probe x3  
  90  5:52  Gateway  
  90  5:53  Gateway  
  90  5:55  Templar Archives  
  90  5:58  Gateway  
  90  6:01  Gateway  
  90  6:09  Pylon  
  90  6:13  Gateway x2  
  90  6:26  Pylon  
  90  6:27  Immortal (Chrono Boost)  
  90  6:28  Pylon  
  90  6:32  Void Ray x2 (Chrono Boost)  
  94  6:34  Photon Cannon, High Templar x2  
  94  6:35  Photon Cannon  
  98  6:40  Archon  
  106  6:47  Photon Cannon  
  106  6:50  Shield Battery  
  106  6:53  Sentry x3  
  112  6:56  Shield Battery  
  112  6:57  Zealot  
  112  6:58  Shield Battery x2  
  114  7:06  Immortal (Chrono Boost)  
  111  7:16  Zealot x2  
  111  7:21  Zealot x4  
  109  7:29  Zealot  
  99  7:30  Zealot  
  99  7:36  Void Ray  
  99  7:38  Zealot x2  
  99  7:44  High Templar  
  109  7:48  Zealot  
  109  7:49  Zealot  
  95  7:58  Zealot  
  93  8:00  Void Ray  
  93  8:03  Immortal (Chrono Boost)  
  93  8:04  Pylon  
  91  8:17  High Templar  
  93  8:22  Probe x3  
  93  8:24  High Templar x2  
  93  8:26  Pylon  
  100  8:28  Archon  
  100  8:30  Photon Cannon  
  100  8:34  Cybernetics Core  
  100  8:37  Observer (Chrono Boost)  
  101  8:43  Pylon  
  101  8:44  Pylon  
  101  8:45  High Templar, Zealot x3  
  109  8:51  Archon  
  99  9:09  Zealot x3  
  89  9:10  Zealot x3  
  93  9:18  Zealot  
  93  9:19  Immortal  
  67  9:31  Photon Cannon  
  67  9:32  High Templar x4  
  67  9:33  Zealot  
  67  9:34  Photon Cannon, Zealot  
  67  9:36  Archon x2  
  67  9:40  Zealot  
  67  9:44  Photon Cannon  
  65  9:55  High Templar x2  
  65  9:57  Immortal (Chrono Boost)  
  73  10:00  Archon  
  73  10:02  High Templar x2  
  73  10:03  Zealot  
  73  10:04  Zealot x2  
  83  10:07  Probe x2  
  83  10:08  Archon  
  83  10:13  Probe  
  86  10:17  Cybernetics Core  
  86  10:21  High Templar x2  
  86  10:22  Probe  
  86  10:23  Probe  
  86  10:25  Probe  
  86  10:26  Archon  
  86  10:28  Warp Prism (Chrono Boost)  
  93  10:32  High Templar  
  93  10:33  High Templar  
  93  10:35  Probe, Psionic Storm  
  100  10:36  Archon  
  100  10:39  Zealot x2  
  104  10:43  Zealot  
  104  10:48  Observer  
  106  11:00  Pylon  
  106  11:02  Shield Battery  
  105  11:11  Sentry x2  
  105  11:17  Sentry  
  111  11:34  High Templar x2  
  115  11:45  Probe x3  
  118  11:47  Observer (Chrono Boost), Pylon  
  118  11:50  High Templar  
  118  11:51  Zealot  
  118  11:52  Zealot x3  
  119  12:09  Pylon  
  119  12:12  Photon Cannon  
  119  12:13  Stalker x3  
Show
View Real Time Build Order
Export as new Build Order

Serral Zerg - Winner!

Build Orders: Hatch First 

Get SALT Encoding   

  12  0:00  Drone  
  13  0:12  Overlord  
  13  0:17  Drone  
  14  0:30  Drone x2  
  16  0:50  Hatchery  
  16  0:52  Drone  
  16  0:56  Drone  
  17  0:59  Drone  
  18  1:09  Extractor  
  17  1:15  Spawning Pool  
  17  1:18  Drone  
  17  1:22  Drone  
  18  1:28  Drone  
  19  1:38  Drone  
  20  1:49  Overlord  
  20  2:03  Queen x2  
  20  2:04  Zergling x4  
  26  2:10  Drone  
  26  2:14  Metabolic Boost  
  27  2:16  Drone  
  27  2:21  Drone  
  29  2:23  Drone  
  30  2:33  Drone  
  30  2:34  Drone  
  32  2:45  Hatchery  
  32  2:50  Queen  
  33  2:55  Overlord  
  33  2:58  Drone x2  
  34  3:01  Drone  
  36  3:13  Drone x5  
  36  3:16  Overlord  
  41  3:22  Queen  
  43  3:28  Overlord  
  43  3:31  Drone  
  44  3:34  Queen  
  44  3:40  Drone x2  
  48  3:44  Drone  
  48  3:45  Drone x2  
  48  3:47  Drone  
  51  3:51  Zergling x2  
  51  3:53  Zergling x2  
  53  3:57  Queen, Spore Crawler  
  53  4:02  Drone, Spore Crawler  
  53  4:06  Drone x2, Zergling x2  
  53  4:07  Spore Crawler  
  55  4:11  Drone x3  
  55  4:15  Overlord  
  58  4:19  Lair  
  58  4:21  Drone  
  58  4:23  Drone x2  
  61  4:26  Drone  
  61  4:31  Drone x3  
  65  4:36  Baneling Nest  
  65  4:37  Zergling x2  
  65  4:38  Extractor  
  64  4:40  Extractor  
  64  4:42  Overlord  
  64  4:43  Drone x2  
  64  4:45  Drone, Extractor  
  66  4:50  Zergling x4  
  66  4:51  Evolution Chamber  
  66  4:53  Drone, Overlord  
  66  4:57  Drone x3  
  66  4:59  Drone  
  71  5:03  Drone  
  71  5:05  Drone x2  
  71  5:06  Drone  
  75  5:13  Drone x3  
  78  5:18  Drone  
  78  5:19  Drone x2  
  78  5:20  Hydralisk Den  
  80  5:22  Extractor  
  80  5:24  Extractor  
  80  5:26  Overlord  
  80  5:27  Drone x2  
  80  5:32  Drone  
  80  5:33  Drone x4  
  85  5:37  Overlord x4  
  85  5:49  Hydralisk x3, Muscular Augments  
  85  5:54  Hydralisk x3  
  85  5:56  Hydralisk  
  99  6:01  Hydralisk x2  
  103  6:06  Hydralisk x2  
  103  6:07  Hydralisk  
  109  6:12  Hydralisk x2  
  109  6:15  Overlord  
  109  6:16  Hydralisk  
  115  6:20  Zergling x6  
  115  6:23  Overlord  
  118  6:26  Zergling x6  
  118  6:32  Zergling x6  
  124  6:33  Zergling x4  
  124  6:39  Baneling x10  
  126  6:40  Baneling x2  
  126  6:42  Baneling  
  126  6:43  Zergling x4  
  128  6:49  Zergling x10  
  128  6:53  Baneling x6  
  133  7:01  Grooved Spines  
  132  7:02  Zergling x16  
  138  7:09  Zergling x4  
  129  7:17  Zergling x6  
  125  7:24  Hatchery  
  117  7:32  Hydralisk x3  
  117  7:34  Baneling x4  
  117  7:36  Hydralisk x2  
  123  7:39  Queen  
  123  7:40  Queen x2  
  129  7:48  Zergling x6  
  127  7:56  Zergling x2  
  127  7:57  Zergling x18  
  129  8:01  Zerg Missile Weapons Level 1  
  129  8:03  Zergling x4  
  123  8:08  Centrifical Hooks  
  123  8:10  Hydralisk  
  117  8:13  Hydralisk x2  
  117  8:17  Baneling x8, Hydralisk  
  121  8:23  Hydralisk x2  
  121  8:24  Hydralisk x3  
  131  8:27  Baneling  
  131  8:28  Baneling x3  
  131  8:33  Hydralisk x2, Zergling x8  
  139  8:39  Zergling x4  
  139  8:40  Baneling x7  
  135  8:58  Zergling x28  
  135  9:08  Zergling x6  
  130  9:10  Queen  
  117  9:28  Drone  
  117  9:29  Drone x6  
  111  9:31  Drone x2  
  111  9:36  Drone  
  107  9:46  Drone  
  107  9:47  Drone x10  
  107  9:49  Hatchery  
  107  9:52  Hydralisk x2  
  117  9:56  Hydralisk x2  
  117  9:57  Zerg Missile Weapons Level 2  
  121  10:03  Infestation Pit  
  121  10:06  Hydralisk x3  
  126  10:08  Pneumatized Carapace, Overseer  
  126  10:11  Hydralisk x5  
  136  10:15  Baneling x4  
  136  10:20  Hydralisk  
  136  10:21  Hydralisk x3  
  138  10:22  Baneling  
  138  10:23  Baneling x3  
  138  10:27  Overlord  
  144  10:30  Overlord x2  
  144  10:33  Hydralisk x3  
  150  10:43  Hive  
  150  10:45  Zergling x10  
  150  10:46  Zergling x8  
  159  10:50  Overlord  
  159  10:56  Baneling x14  
  159  10:57  Queen  
  159  11:03  Drone, Spire  
  159  11:04  Drone x3, Extractor  
  163  11:05  Zergling x4  
  165  11:13  Zergling x16  
  173  11:19  Drone  
  173  11:21  Spore Crawler  
  173  11:28  Zergling x30  
  173  11:29  Zergling x2  
  173  11:32  Overlord  
  186  11:36  Overlord x3  
  186  11:39  Overlord  
  186  11:50  Zergling x6  
  186  11:52  Evolution Chamber  
  188  11:58  Zergling x22  
  188  12:00  Baneling x6  
  188  12:01  Baneling x12  
  199  12:03  Extractor  
  199  12:04  Drone  
  198  12:15  Baneling  
  198  12:16  Baneling x13  
Tags
 
Add a new tag
Caveats
  • Supply blocks, unpowered buildings, or Contaminate may cause inaccurate times.
  • Supply counts are checked every 10 seconds.